 Dungeon Crawl Stone Soup version 0.32-a0-422-g28b100f618 (webtiles) character file.

Game seed: 9617118688135442324

13379 freelancePsychic the Fighter (level 12, -9/89 HPs)
             Began as a Coglin Brigand on Feb 21, 2024.
             Was a Believer of Hepliaklqana.
             Shot with a bolt by a yaktaur (20 damage)
             ... on level 10 of the Dungeon.
             The game lasted 00:29:03 (12706 turns).

freelancePsychic the Fighter (Coglin Brigand)      Turns: 12706, Time: 00:29:04

Health: -9/89      AC:  9    Str: 13    XL:     12   Next: 5%
Magic:  12/12      EV: 16    Int: 10    God:    Hepliaklqana [**....]
Gold:   301        SH:  0    Dex: 20    Spells: 11/11 levels left

rFire   . . .        a - +4 short sword {Miranda}
rCold   . . .        D - +3 short sword (drain) {Iwao}
rNeg    . . .        H - +3 leather armour "Rumeo" {rPois}
rPois   +            n - +0 helmet
rElec   .            c - +0 cloak
rCorr   .            (no gloves)
SInv    +            (no boots)
Will    .....        (no amulet)
Stlth   +++          s - ring of see invisible
HPRegen 0.34/turn    (no ring)
MPRegen 0.13/turn

%: no passive effects
@: mighty, revved
A: reduced essence, off-hand wielding, slow wielding, warmup strikes, legs
shutdown
a: Renounce Religion, Recall Ancestor, Ancestor Identity


You were on level 10 of the Dungeon.
You worshipped Hepliaklqana.
Hepliaklqana was pleased with you.
You visited 2 branches of the dungeon, and saw 12 of its levels.

You collected 695 gold pieces.
You spent 394 gold pieces at shops.

Inventory:

Hand Weapons
 a - a +4 short sword (weapon) {Miranda}
 D - a +3 short sword of draining (offhand) {Iwao}
Missiles
 d - 33 poisoned darts (quivered)
Armour
 b - a +0 robe
 c - a +0 cloak (worn)
 f - a +0 leather armour
 n - a +0 helmet (worn)
 F - a +0 troll leather armour
 H - the +3 leather armour "Rumeo" (worn) {rPois}
   (You bought it in a shop on level 1 of the Dungeon)

   rPois:     It protects you from poison
Jewellery
 h - a ring of magical power
 s - a ring of see invisible (left grasper)
 x - a ring of fire
Wands
 e - a wand of flame (9)
 G - a wand of paralysis (3)
Scrolls
 j - 2 scrolls of enchant armour
 p - 2 scrolls of fog
 r - 4 scrolls of immolation
 u - a scroll of torment
 v - 2 scrolls of vulnerability
 y - 2 scrolls of identify {@r1}
 B - 2 scrolls of amnesia
 I - a scroll of fear
 J - a scroll of brand weapon {unknown}
Potions
 g - 3 potions of curing {@q1}
 i - a potion of enlightenment
 k - a potion of might
 m - 2 potions of mutation {unknown}
 o - a potion of ambrosia
 q - a potion of attraction {unknown}
 t - 2 potions of berserk rage {unknown}
 w - a potion of magic {unknown}
 z - 3 potions of lignification {unknown}
 A - 3 potions of degeneration {unknown}
 C - a potion of resistance {unknown}
 E - a potion of brilliance {unknown}


   Skills:
 + Level 10.8 Fighting
 - Level 10.0 Short Blades
 - Level 2.0 Throwing
 * Level 4.5 Armour
 + Level 7.0 Dodging
 - Level 4.0 Stealth
 - Level 1.0 Invocations
 - Level 9.0 Evocations


You had 11 spell levels left.
You didn't know any spells.
Your spell library contained the following spells:

 Spells                   Type           Power      Damage    Failure   Level
 Magic Dart               Conj           0%         1d3       43%         1
 Necrotise                Necr           0%         1d4       43%         1
 Sandblast                Erth           0%         2d4       43%         1
 Searing Ray              Conj           0%         2d4       56%         2
 Passwall                 Erth           0%         N/A       80%         3
 Stone Arrow              Conj/Erth      0%         3d7       80%         3
 Tukima's Dance           Hex            0%         N/A       80%         3
 Vampiric Draining        Necr           0%         2d6       80%         3
 Brom's Barrelling Bould  Conj/Erth      0%         2d3       99%         4
 Dimensional Bullseye     Hex/Tloc       0%         N/A       99%         4
 Fulminant Prism          Conj/Alch      0%         3d5       99%         4
 Iskenderun's Mystic Bla  Conj/Tloc      0%         2d3       99%         4
 Martyr's Knell           Necr/Summ      0%         N/A       99%         4
 Curse of Agony           Necr           0%         N/A       100%        5


Dungeon Overview and Level Annotations

Branches:
Dungeon (11/15)            Temple (1/1) D:7            Lair (0/5) D:9
    Orc (0/2) D:10

Altars:
Ashenzari
Cheibriados
Dithmenos
Elyvilon
Fedhas
Gozag
Hepliaklqana
Kikubaaqudgha
Makhleb
Nemelex Xobeh
Okawaru
Qazlal
Ru
Sif Muna
Trog
Uskayaw
Vehumet
Wu Jian
Xom
Yredelemnul
Zin
The Shining One

Shops:
D:1 [

Annotations:
D:3 1 runed translucent door, rbyellow5's ghost, amateur OnWr
D:5 2 transporters, jasper's ghost, novice CoCK
D:8 2 transporters, jasper's ghost, novice CoBe


Innate Abilities, Weirdness & Mutations

Your life essence is reduced to manifest your ancestor. (-10% HP)
You can wield a second weapon in your off-hand.
It takes a long time for you to wield or remove held weapons.
Your first few attacks do less damage.
Attacking and casting redirects power from your legs.


Message History

You puncture the kobold brigand with your +4 short sword!
The kobold brigand is heavily wounded.
You puncture the kobold brigand with your +3 short sword of draining!
You kill the kobold brigand!
Throw: 35 darts (poison)
Press: ? - help, Q - select action, (/) - cycle Shift-Dir - straight line, f - yak
Aim: a yak (ally target, 76% to hit)
You throw a poisoned dart.
The poisoned dart closely misses the yak.
The yaktaur wields a +0 arbalest.
The yaktaur shoots a bolt.
The bolt barely misses you.
You puncture the yak with your +4 short sword!
The yak is lightly wounded.
You puncture the yak with your +3 short sword of draining!
You hit the yak with your +4 short sword.
The yak is severely wounded.
You puncture the yak with your +3 short sword of draining!
The yak gores you but does no damage.
The howler monkey hoots and howls with incredible vigour!
You hear a shout!
You closely miss the yak with your +4 short sword.
The yak is almost dead.
You puncture the yak with your +3 short sword of draining!
You kill the yak!
You cannot move.
Throw: 34 darts (poison)
Press: ? - help, Q - select action, (/) - cycle Shift-Dir - straight line, f - yaktaur
Aim: a yaktaur, wielding a +0 arbalest (85% to hit)
You throw a poisoned dart. The poisoned dart hits the yaktaur.
The yaktaur is poisoned.
The yaktaur shoots a bolt.
The bolt hits you!!
* * * LOW HITPOINT WARNING * * *
You cannot move.
Okay, then.
You are no longer unable to travel.
The howler monkey hoots and howls with incredible vigour!
Igni casts a spell at the yaktaur.
The yaktaur easily resists.
The yaktaur shoots a bolt.
The bolt hits you!!
You die...
Hepliaklqana delivers you to your ancestors.

#...# #.......................#
#...# #.......................#
#...####.......................#
#..............................##
#................................
#.............................###
#.............................# .
#...........####R.####........# .
#...........# #@.# #..<.....# .
#.........####()##..####......# .
#.........# #c( ..# #......# .
###.....### WD## .... ###....# .
#.....#


#hh ....# #....# . #.....# ... .##(? #....# #.....##.. !$ #....# #.....####
#....# #.....# #..>..'. You could see the friendly Igni the hexer, a yaktaur
(poisoned, ally target), an acid dragon, a shadow (invisible) and 2 howler
monkeys.

Vanquished Creatures
  A centaur warrior (D:10)
  A two-headed ogre (D:10)
  A death yak (D:9)
  Pikel (D:5)
  An orc knight (D:10)
  Joseph (D:7)
  A meliai (shapeshifter) (D:10)
  An unseen horror (D:10)
  A kobold demonologist (D:10)
  A cane toad (D:9)
  4 trolls
  A blink frog (D:9)
  Grinder (D:4)
  2 shadows
  Sigmund (D:6)
  A wraith (D:10)
  A vampire (D:10)
  4 wyverns
  14 yaks
  2 vampire mosquitoes (D:10)
  Menkaure (D:5)
  A water moccasin (D:7)
  Pargi (D:4)
  6 orc warriors
  3 black bears
  2 ice beasts
  A sky beast (D:6)
  4 centaurs
  2 lemures (D:5)
  A phantom (D:6)
  4 kobold brigands
  3 bullfrogs
  A gnoll sergeant (D:8)
  6 scorpions
  3 wights
  A killer bee (D:10)
  3 howler monkeys
  2 bombardier beetles
  2 gnoll boudas (D:9)
  3 hounds (D:5)
  8 orc priests
  An iguana (D:5)
  10 orc wizards
  10 gnolls
  8 adders
  A shadow imp (D:8)
  A white imp (D:8)
  3 ribbon worms
  29 orcs
  6 ball pythons
  8 endoplasms
  A giant cockroach (D:2)
  2 goblins (D:4)
  5 hobgoblins
  7 jackals
  16 kobolds
  3 quokkas
  5 bats
  4 frilled lizards (D:3)
  6 rats
225 creatures vanquished.

Vanquished Creatures (collateral kills)
  A vampire mosquito (D:10)
  A wight (D:8)
  An orc priest (D:10)
  An orc wizard (D:9)
  3 gnolls
  2 orcs (D:10)
  3 kobolds
12 creatures vanquished.

Vanquished Creatures (others)
  7 ancestors
  3 hexers (D:10)
  An orc wizard (D:7)
11 creatures vanquished.

Grand Total: 248 creatures vanquished

Notes
Turn   | Place    | Note
-------+----------+-------------------------------------------
     0 | D:1      | freelancePsychic the Coglin Brigand began the quest for the
                  | Orb.
     0 | D:1      | Reached XP level 1. HP: 16/16 MP: 1/1
    84 | D:1      | Reached skill level 1 in Dodging
   129 | D:1      | Reached XP level 2. HP: 22/22 MP: 2/2
   145 | D:1      | Found Oppigourr's Armour Emporium.
   309 | D:1      | You fall into a shaft and drop 1 floor!
   352 | D:2      | Reached XP level 3. HP: 22/27 MP: 3/3
   637 | D:2      | Reached XP level 4. HP: 34/34 MP: 4/4
  1443 | D:3      | Found a runed translucent door.
  1450 | D:3      | Noticed rbyellow5's ghost (amateur OnWr)
  1615 | D:3      | Reached XP level 5. HP: 37/41 MP: 5/5
  2263 | D:4      | Noticed Grinder
  2455 | D:4      | Noticed Pargi
  2562 | D:4      | Reached XP level 6. HP: 38/47 MP: 6/6
  2928 | D:5      | Entered Level 5 of the Dungeon
  3104 | D:5      | Noticed Menkaure
  3569 | D:5      | Found a transporter.
  3572 | D:5      | Found a transporter.
  3580 | D:5      | Noticed jasper's ghost (novice CoCK)
  3608 | D:5      | Reached skill level 5 in Short Blades
  3608 | D:5      | Reached XP level 7. HP: 16/54 MP: 7/7
  4226 | D:6      | Noticed a yak
  4226 | D:6      | Noticed a yak
  4229 | D:6      | Noticed a yak
  4229 | D:6      | Noticed a yak
  4231 | D:6      | Noticed a yak
  4234 | D:6      | Noticed a yak
  4248 | D:5      | Killed a yak
  4676 | D:6      | Reached skill level 5 in Fighting
  4678 | D:6      | Noticed Sigmund
  4812 | D:6      | Killed Sigmund
  4813 | D:6      | Reached XP level 8. HP: 62/62 MP: 8/8
  5373 | D:4      | Killed Pargi
  5374 | D:4      | Reached skill level 1 in Evocations
  5377 | D:4      | Killed Grinder
  5774 | D:5      | Killed Menkaure
  5940 | D:5      | Noticed Pikel
  5957 | D:5      | Killed Pikel
  5958 | D:5      | Reached XP level 9. HP: 62/71 MP: 9/9
  6211 | D:5      | Reached skill level 5 in Evocations
  6895 | D:6      | Reached XP level 10. HP: 45/79 MP: 10/10
  7496 | D:7      | Found a staircase to the Ecumenical Temple.
  7505 | D:7      | Noticed Joseph
  7517 | D:7      | Killed Joseph
  7528 | Temple   | Entered the Ecumenical Temple
  7553 | Temple   | Became a worshipper of Hepliaklqana the Forgotten
  8110 | D:7      | Found a white marble altar of Elyvilon.
  8110 | D:7      | Found a shadowy altar of Dithmenos.
  8171 | D:7      | Reached skill level 10 in Short Blades
  8785 | D:8      | Reached * piety under Hepliaklqana
  9408 | D:8      | Noticed jasper's ghost (novice CoBe)
  9421 | D:8      | Found a transporter.
  9726 | D:8      | Found a transporter.
  9898 | D:8      | Found a hide-covered altar of Uskayaw.
  9898 | D:8      | Found a faded altar of an unknown god.
  9906 | D:8      | Found a faded altar of an unknown god.
  9908 | D:8      | Found a sacrificial altar of Ru.
  9910 | D:8      | Found a glowing silver altar of Zin.
 10226 | D:9      | Reached XP level 11. HP: 76/80 MP: 8/11
 10258 | D:9      | Noticed a death yak
 10306 | D:9      | Noticed a death yak
 10384 | D:9      | Found a staircase to the Lair.
 10494 | D:10     | Entered Level 10 of the Dungeon
 10553 | D:10     | Noticed a centaur warrior
 10732 | D:9      | Reached skill level 5 in Dodging
 10806 | D:10     | HP: 4/80 [centaur warrior/arrow (13)]
 11067 | D:9      | Found a burning altar of Makhleb.
 11171 | D:9      | Killed a death yak
 11249 | D:9      | Reached ** piety under Hepliaklqana
 11250 | D:9      | Remembered your ancestor Igni as a hexer
 11269 | D:9      | Found a snail-covered altar of Cheibriados.
 11565 | D:9      | Reached skill level 10 in Fighting
 11597 | D:10     | Killed a centaur warrior
 11598 | D:10     | Reached skill level 1 in Invocations
 11813 | D:1      | Bought the +3 leather armour "Rumeo" {rPois} for 394 gold
                  | pieces
 12190 | D:10     | Reached skill level 1 in Armour
 12391 | D:10     | Found a staircase to the Orcish Mines.
 12669 | D:10     | Noticed an orc knight
 12678 | D:10     | Noticed a two-headed ogre
 12688 | D:10     | Killed an orc knight
 12692 | D:10     | Killed a two-headed ogre
 12693 | D:10     | Reached XP level 12. HP: 41/89 MP: 12/12
 12706 | D:10     | Shot with a bolt by a yaktaur

Illustrated notes

Levels and vault maps discovered:
D:1:      amcnicky_arrival_underground_garden, layout_loops_ring, serial_shops,
          shop, grunt_decor_resistance
D:2:      layout_basic
D:3:      kennysheep_big_flooded_room, layout_basic, ebering_ghost_sewer_d
D:4:      layout_loops_corners, uniq_pargi, uniq_grinder
D:5:      layout_loops_ring, gammafunk_ghost_mausoleum,
          chequers_serial_rivers_micro_a, nicolae_titane, uniq_pikel,
          uniq_menkaure
D:6:      layout_cave_pools, uniq_sigmund
D:7:      layout_basic, gammafunk_temple_overflow_statue,
          minmay_temple_entry_trees, minivault_1, uniq_joseph
D:8:      layout_loops_corners, chequers_temple_overflow_minitemple,
          gammafunk_ghost_hive
D:9:      layout_basic, mainiacjoe_overflow_boulevard, slow_altar_2,
          dpeg_lair_monsters, minmay_gold_behind_fungi
D:10:     minmay_bloctagon, layout_irregular_city, david_orc_4, minmay_bent
D:11:     layout_basic
Temple:   eino_wide_crystal_templ

Skill      XL: |  1  2  3  4  5  6  7  8  9 10 11 12 |
---------------+-------------------------------------+-----
Dodging        | 1 2 4 6 7 |  7.0
Short Blades   | 2 3 4 5 6 8 9 10 | 10.0
Throwing       | 2 |  2.0
Fighting       | 3 4 5 6 7 9 10 | 10.8
Stealth        | 4 |  4.0
Evocations     | 4 6 9 |  9.0
Invocations    | 1 |  1.0
Armour         | 4 |  4.5

Action                     |  1- 3 |  4- 6 |  7- 9 | 10-12 || total
---------------------------+-------+-------+-------+-------++-------
  Melee: Dagger            |   115 |   181 |   393 |   244 ||   933
         Short sword       |       |       |       |   556 ||   556
  Throw: Dart              |     9 |    32 |    41 |    68 ||   150
 Invoke: Ancestor Identity |       |       |       |     2 ||     2
         Recall Ancestor   |       |       |       |     5 ||     5
         Ancestor Life: He |       |       |       |     1 ||     1
  Evoke: Wand              |       |       |    14 |     7 ||    21
    Use: Scroll            |       |     7 |     3 |     5 ||    15
         Potion            |       |       |     3 |     6 ||     9
   Stab: Sleeping          |     4 |     6 |       |     4 ||    14
         Paralysed         |       |       |     7 |     1 ||     8
         Confused          |       |       |       |     4 ||     4
         Distracted        |       |       |       |     1 ||     1
 Armour: Leather armour    |    30 |    43 |   110 |   119 ||   302
         Troll leather arm |       |       |       |   106 ||   106
  Dodge: Dodged            |    33 |    44 |    77 |   190 ||   344

Table legend: (Time is in decaauts)
 A = Elapsed time spent in this place.
 B = Non-inter-level travel time spent in this place.
 C = Inter-level travel time spent in this place.
 D = Time resting spent in this place.
 E = Time spent auto-exploring this place.
 F = Levels seen in this place.
 G = Mean time per level.
                   A        B        C        D        E       F      G
               +--------+--------+--------+--------+--------+-----+--------+
         Total |  12395 |  11351 |   1044 |    939 |   8217 |  12 | 1032.9 |
       Dungeon |  12349 |  11324 |   1025 |    939 |   8217 |  11 | 1122.6 |
        Temple |     45 |     26 |     19 |      0 |      0 |   1 |   45.0 |
               +--------+--------+--------+--------+--------+-----+--------+

Top non-repeatable levels by time:
     D:5: 2766 daAuts
     D:8: 1597 daAuts
     D:9: 1358 daAuts
     D:7: 1131 daAuts
     D:6: 1125 daAuts
     D:4: 1115 daAuts
     D:3: 915 daAuts
    D:10: 811 daAuts
     D:1: 807 daAuts
     D:2: 718 daAuts
  Temple: 45 daAuts
    D:11: 1 daAuts
